 Dungeon Crawl Stone Soup version 0.25-a0-443-gece2dee8bd (webtiles) character file.

Game seed: 587450373007163504, levelgen mode: deterministic

490 Laukis the Shield-Bearer (level 7, -5/44 HPs)
             Began as a Gargoyle Fighter on Jan 30, 2020.
             Blown up by Ijyb (19 damage)
             ... with a disintegration bolt
             ... on level 4 of the Dungeon.
             The game lasted 00:07:55 (4297 turns).

Laukis the Shield-Bearer (Gargoyle Fighter)         Turns: 4297, Time: 00:07:55

Health: -5/44      AC: 12    Str: 21    XL:     7   Next: 14%
Magic:  2/2        EV: 12    Int: 13    God:
Gold:   207        SH: 10    Dex: 14    Spells: 6/6 levels left

rFire    . . .     SeeInvis .   m - +1 whip (antimagic)
rCold    . . .     Gourm    .   c - +0 shield
rNeg     + . .     Faith    .   b - +0 scale mail
rPois    ∞         Spirit   .   (no helmet)
rElec    +         Reflect  .   (no cloak)
rCorr    .         Harm     .   (no gloves)
MR       .....                  (no boots)
Stlth    +.........             (no amulet)
HPRegen  0.14/turn              i - +4 ring of intelligence (curse)
MPRegen  0.08/turn              (no ring)

@: agile
A: negative energy resistance 1, electricity resistance, unbreathing,
petrification resistance, rot immunity, AC +4
a: no special abilities


You were on level 4 of the Dungeon.
You were very hungry.

You visited 1 branch of the dungeon, and saw 4 of its levels.

You collected 207 gold pieces.

Inventory:

Hand Weapons
 a - a +0 flail
 m - a +1 antimagic whip (weapon)
Missiles
 q - 7 poisoned darts (quivered)
Armour
 b - a +0 scale mail (worn)
 c - a +0 shield (worn)
Jewellery
 i - a cursed +4 ring of intelligence (left hand)
Scrolls
 g - 2 scrolls of teleportation {unknown}
 h - 2 scrolls of identify
 j - a scroll of amnesia {unknown}
 l - 4 scrolls of enchant armour {unknown}
 n - 2 scrolls of remove curse {unknown}
 r - a scroll of immolation {unknown}
Potions
 d - a potion of might
 e - a potion of ambrosia
 k - 3 potions of curing
Comestibles
 f - 7 rations


   Skills:
 + Level 4.6 Fighting
 * Level 4.5 Maces & Flails
 + Level 4.6 Armour
 * Level 5.6 Shields


You had 6 spell levels left.
You didn't know any spells.
Your spell library was empty.

Dungeon Overview and Level Annotations

Branches:
Dungeon (4/15)
 Temple: D:4-7

Altars:
Trog
The Shining One

Shops:
D:4 (

Annotations:
D:4 3 runed translucent doors, Ijyb; PeterQ's ghost, novice TrGl


Innate Abilities, Weirdness & Mutations

You are resistant to torment.
Your stone body is resilient. (AC +4)
You are immune to poison.
You resist negative energy. (rN+)
You are resistant to electric shocks. (rElec)
You can survive without breathing.
You are immune to petrification.
You are immune to rotting.


Message History

You hit Ijyb but do no damage.
Ijyb is lightly wounded.
Ijyb barely misses you.
You closely miss Ijyb.
Ijyb is lightly wounded.
You block Ijyb's attack.
You closely miss Ijyb.
Ijyb is lightly wounded.
You block Ijyb's attack.
You barely miss Ijyb.
Ijyb is lightly wounded.
Ijyb hits you but does no damage.
You closely miss Ijyb.
Ijyb is lightly wounded.
Ijyb grins evilly.
Ijyb zaps a wand.
You struggle to resist.
You closely miss Ijyb.
Ijyb is lightly wounded.
Ijyb zaps a wand.
You are blasted!
You die...

.......#
########.###.#
#.#.. .......#
.........#
#.#######.#..
.......#
#######..#
#.#.....#.#..
<......# #..#
#.#.##......#
.#####.. #..#
#.#.##...)..#
.......# #..#
#.#.##......#
.......# #..#
#.#.##......#
......>. #..#
#.#.##......#
#####... #@.#
#.....#.#.#.#
.. #†g#
###.#.#..###.
# #..#
#.#....'∩#.
#..#
#.########.
...#
#.#####.#..
##.#
...........
#####.. .#
#######....
.....<. .#
......#....
#####.#
.$(...#....


You could see Ijyb.

Vanquished Creatures
  A sky beast (D:4)
  A scorpion (D:4)
  A howler monkey (D:4)
  A hound (D:3)
  An iguana (D:4)
  An orc wizard (D:3)
  3 worker ants (D:4)
  5 adders
  4 gnolls (D:2)
  An ooze (D:2)
  A worm (D:2)
  A dart slug (D:1)
  2 leopard geckos (D:3)
  3 orcs
  A ball python (D:1)
  5 giant cockroaches
  7 hobgoblins
  7 jackals
  A quokka (D:3)
  6 bats
  4 frilled lizards
  6 goblins
  4 kobolds
  4 rats
71 creatures vanquished.

Notes
Turn   | Place    | Note
-------+----------+-------------------------------------------
     0 | D:1      | Laukis the Gargoyle Fighter began the quest for the Orb.
     0 | D:1      | Reached XP level 1. HP: 14/14 MP: 1/1
   213 | D:1      | Reached XP level 2. HP: 19/19 MP: 2/2
   994 | D:2      | Reached XP level 3. HP: 20/23 MP: 3/3
  1428 | D:2      | Reached skill level 4 in Shields
  1857 | D:2      | Reached XP level 4. HP: 25/29 MP: 4/4
  2562 | D:3      | Found a bloodstained altar of Trog.
  2653 | D:3      | Reached XP level 5. HP: 25/33 MP: 1/5
  3091 | D:3      | Found a glowing golden altar of the Shining One.
  3373 | D:3      | Reached XP level 6. HP: 3/38 MP: 2/6
  3696 | D:4      | Reached skill level 5 in Shields
  4024 | D:4      | Found a runed translucent gate.
  4025 | D:4      | Found a runed translucent gate.
  4026 | D:4      | Noticed a sky beast
  4026 | D:4      | Noticed PeterQ's ghost (novice TrGl)
  4057 | D:4      | Killed a sky beast
  4057 | D:4      | Reached XP level 7. HP: 22/44 MP: 2/7
  4208 | D:4      | Found a runed translucent gate.
  4215 | D:4      | Found Vippyz Gea's Weapon Boutique.
  4267 | D:4      | Noticed Ijyb
  4297 | D:4      | Blown up by Ijyb

Levels and vault maps discovered:
D:1:      dpeg_arrival_court, layout_basic
D:2:      layout_loops_corners, first_ration
D:3:      cheibrodos_helix_gallery, layout_basic, lightli_temple_of_fire,
          overflow_temple_1_default
D:4:      layout_basic, minmay_temple_entry_hall, gammafunk_ghost_split,
          serial_shops, nicolae_shop_window_shopping, minmay_misc_feat_enclosed,
          kennysheep_doodads, uniq_ijyb

Skill      XL: |  1  2  3  4  5  6 |
---------------+-------------------+-----
Shields        | 4 5 |  5.6
Maces & Flails | 3 4 |  4.5
Fighting       | 4 |  4.6
Armour         | 4 |  4.6

Action                   |  1- 3 |  4- 6 |  7- 9 || total
-------------------------+-------+-------+-------++-------
Melee: Flail             |   134 |    13 |       ||   147
       Whip              |       |   243 |    33 ||   276
  Use: Scroll            |       |     3 |       ||     3
       Potion            |       |       |     1 ||     1
  Eat: Chunk             |     2 |     8 |       ||    10
Armor: Scale mail        |    64 |   129 |     5 ||   198
Dodge: Dodged            |    45 |    55 |     8 ||   108
Block: Shield            |    67 |   111 |    12 ||   190

Table legend:
 A = Non-vault XP
 B = Vault XP
 C = Vault XP percentage of total XP
 D = Non-vault monster count
 E = Vault monster count
 F = Vault count percentage of total count
                 A         B        C        D         E       F
            +---------+---------+-------+---------+---------+-------
      Total |     696 |       4 |   0.6 |      69 |       2 |   2.8
            +---------+---------+-------+---------+---------+-------
        D:1 |      28 |       0 |   0.0 |      18 |       0 |   0.0
        D:2 |     107 |       0 |   0.0 |      16 |       0 |   0.0
        D:3 |     162 |       4 |   2.4 |      27 |       2 |   6.9
        D:4 |     399 |       0 |   0.0 |       8 |       0 |   0.0
            +---------+---------+-------+---------+---------+-------
